 Dungeon Crawl Stone Soup version 0.18.1-47-g9310371 (webtiles) character file.

128 buf2 the Skirmisher (level 5, 0/43 HPs)
             Began as a Human Wanderer on June 15, 2016.
             Slain by Malvoorn's ghost (1 damage)
             ... on level 3 of the Dungeon.
             The game lasted 00:09:14 (2515 turns).

buf2 the Skirmisher (Human Wanderer)                Turns: 2515, Time: 00:09:15

Health: 0/43       AC:  2    Str: 12    XL:     5   Next: 34%
Magic:  5/5        EV: 18    Int: 11    God:
Gold:   109        SH:  0    Dex: 20    Spells: 0 memorised, 4 levels left

rFire  . . .     SeeInvis .     a - +2 dagger
rCold  . . .     Gourm    .     e - +0 robe
rNeg   . . .     Faith    .     (no shield)
rPois  .         Spirit   .     (helmet restricted)
rElec  .         Dismiss  .     (no cloak)
rCorr  .         Reflect  .     (no gloves)
SustAt .         Harm     .     (no boots)
MR     .....                    (no amulet)
Stlth  ++........               (no ring)
                                (no ring)

@: confused, agile, not resistant to hostile enchantments, unstealthy
A: antennae 1
a: no special abilities


You were on level 3 of the Dungeon.
You were not hungry.

You visited 1 branch of the dungeon, and saw 3 of its levels.

You collected 109 gold pieces.

Inventory:

Hand Weapons
 a - a +2 dagger (weapon)
 b - a +0 blowgun
 c - a +0 falchion
 d - a +0 short sword
 i - a +0 hand axe
 j - a +0 spear
Missiles
 m - 46 stones (quivered)
 u - 5 tomahawks
 y - 13 poisoned needles
Armour
 e - a +0 robe (worn)
 l - a +0 leather armour
Scrolls
 g - 4 scrolls of identify
 k - 2 scrolls of remove curse
 n - 2 scrolls of blinking {unknown}
 s - a scroll of amnesia {unknown}
 t - 2 scrolls of teleportation
 v - a scroll of enchant armour {unknown}
 w - a scroll of enchant weapon {unknown}
 z - a scroll of fear {unknown}
Potions
 o - 2 potions of brilliance
Comestibles
 f - 3 bread rations
 h - 6 chunks of flesh
 p - a meat ration


   Skills:
 + Level 4.4 Fighting
 + Level 2.7 Short Blades
 + Level 2.6 Dodging
 + Level 2.4 Stealth
   Level 1.0 Shields
   Level 1.0 Evocations


You had 4 spell levels left.
You didn't know any spells.

Dungeon Overview and Level Annotations

Branches:
Dungeon (3/15)

Altars:
Fedhas
Pakellas
Trog

Annotations:
D:3 Malvoorn's ghost, amateur DECj


Innate Abilities, Weirdness & Mutations

You have a pair of small antennae on your head.


Message History

Drink which item? (? for menu, Esc to quit)
You feel better.
Malvoorn's ghost gestures at you while chanting.
The spray of energy hits you!
* * * LOW HITPOINT WARNING * * *
You are confused.
Drink which item? (? for menu, Esc to quit)
It was a potion of agility.
You feel agile all of a sudden. Malvoorn's ghost casts a spell at you.
The magic dart hits you!
* * * LOW HITPOINT WARNING * * *
You closely miss Malvoorn's ghost.
Malvoorn's ghost is severely damaged.
Malvoorn's ghost misses you.
You bump into the rock wall.
Malvoorn's ghost completely misses you.
You hit Malvoorn's ghost but do no damage.
Malvoorn's ghost is severely damaged.
Malvoorn's ghost hits you.
You die...

* #.# #..)......# #......# *
#.# #...###.#.#####.##.# *
#.####......[..).....##.#
#######..............#######*.#
..............####...# *.#
.######..####.# #...# *.# .#
#..# #)# #...# *.# .#
#..####.####...######**,* .#
###.........@W.........,,,* .#
#.........#####.######*****
.####.##.###### #.# ......##.#
#.# ########.# #.#
#.##########.# #............#
##############


You could see Malvoorn's ghost.

Vanquished Creatures
  6 adders
  2 oozes (D:1)
  A worm (D:2)
  2 dart slugs
  A giant gecko (D:2)
  6 bats
  3 giant cockroaches
  6 goblins
  6 hobgoblins
  4 jackals (D:2)
  2 quokkas
  3 ball pythons
  4 giant newts (D:2)
  8 kobolds
  4 rats
58 creatures vanquished.

Notes
Turn   | Place    | Note
--------------------------------------------------------------
     0 | D:1      | buf2 the Human Wanderer began the quest for the Orb.
     0 | D:1      | buf2 set off with: a +2 dagger, a potion of heal wounds, a +0 falchion, a +0 short sword, a +0 robe, a bread ration
     0 | D:1      | Reached XP level 1. HP: 18/18 MP: 1/1
   115 | D:1      | Reached XP level 2. HP: 14/24 MP: 2/2
   675 | D:1      | Reached XP level 3. HP: 28/30 MP: 3/3
   705 | D:2      | Gained mutation: You have a pair of small antennae on your head. [potion of beneficial mutation]
   748 | D:2      | Reached skill level 4 in Fighting
   962 | D:2      | Found a blossoming altar of Fedhas.
   995 | D:2      | Reached XP level 4. HP: 33/37 MP: 4/4
  1654 | D:2      | Found a bloodstained altar of Trog.
  1654 | D:2      | Found an oddly glowing altar of Pakellas.
  1735 | D:2      | Reached XP level 5. HP: 43/43 MP: 5/5
  2481 | D:3      | Noticed Malvoorn's ghost (amateur DECj)
  2512 | D:3      | HP: 1/43 [Malvoorn's ghost/magic dart (8)]
  2515 | D:3      | Slain by Malvoorn's ghost

Skill      XL: |  1  2  3  4 |
---------------+-------------+-----
Fighting       | 4 |  4.4
Dodging        | 2 |  2.6
Short Blades   | |  2.7
Stealth        | |  2.4
Shields        | |  1.0
Evocations     | |  1.0

Action                   |  1- 3 |  4- 6 || total
-------------------------+-------+-------++-------
Melee: Dagger            |    57 |   148 ||   205
 Fire: Blowgun           |       |     1 ||     1
  Use: Scroll            |     2 |     4 ||     6
       Potion            |     1 |     4 ||     5
 Stab: Sleeping          |     5 |     4 ||     9
  Eat: Chunk             |       |     4 ||     4
       Pizza             |       |     1 ||     1
Armor: Robe              |     5 |    17 ||    22
Dodge: Dodged            |    22 |    91 ||   113
